 Dungeon Crawl Stone Soup version 0.18.1-8-gdd0e5ea (webtiles) character file.

120 Nanban the Skirmisher (level 5, -1/47 HPs)
             Began as a Hill Orc Fighter on May 28, 2016.
             Slain by Crazy Yiuf
             ... wielding a +3 quarterstaff of chaos
              (7 damage)
             ... on level 2 of the Dungeon.
             The game lasted 00:05:40 (1865 turns).

Nanban the Skirmisher (Hill Orc Fighter)            Turns: 1865, Time: 00:05:41

Health: -1/47      AC:  7    Str: 20    XL:     5   Next: 4%
Magic:  5/5        EV:  7    Int:  8    God:
Gold:   115        SH:  9    Dex: 10    Spells: 0 memorised, 4 levels left

rFire  . . .     SeeInvis .     a - +0 war axe
rCold  . . .     Gourm    .     b - +0 scale mail
rNeg   . . .     Faith    .     c - +0 shield
rPois  .         Spirit   .     (no helmet)
rElec  .         Dismiss  .     (no cloak)
rCorr  .         Reflect  .     (no gloves)
SustAt .         Harm     .     (no boots)
MR     .....                    (no amulet)
Stlth  ..........               (no ring)
                                (no ring)

@: lethally poisoned (-1 -> -3), not resistant to hostile enchantments,
extremely unstealthy
A: no striking features
a: no special abilities


You were on level 2 of the Dungeon.
You were not hungry.

You visited 1 branch of the dungeon, and saw 2 of its levels.

You collected 115 gold pieces.

Inventory:

Hand Weapons
 a - a +0 war axe (weapon)
 s - a +0 morningstar
Armour
 b - a +0 scale mail (worn)
 c - a +0 shield (worn)
 j - a +0 chain mail
 k - a +0 ring mail
Scrolls
 l - a scroll of recharging {unknown}
 q - a scroll of fear {unknown}
 r - a scroll of enchant weapon {unknown}
 t - a scroll of magic mapping {unknown}
 u - a scroll of teleportation {unknown}
 y - a scroll of remove curse {unknown}
Potions
 e - a potion of flight {unknown}
 g - a potion of mutation {unknown}
 i - 2 potions of curing {unknown}
 m - a potion of resistance {unknown}
 n - a potion of degeneration {unknown}
 v - a potion of berserk rage {unknown}
 w - a potion of beneficial mutation {unknown}
Books
 x - a book of Summonings

   Spells                             Type                      Level
   a - Recall                         Summoning/Translocation      3
   b - Aura of Abjuration             Summoning                    5
   c - Summon Demon                   Summoning                    5
   d - Summon Forest                  Summoning/Translocation      5
   e - Summon Mana Viper              Hexes/Summoning              5
   f - Shadow Creatures               Summoning                    6
Comestibles
 f - a bread ration
 o - a royal jelly
 p - a slice of pizza


   Skills:
 + Level 4.7 Fighting
 + Level 3.7 Axes
 + Level 4.1 Armour
 + Level 0.4 Dodging
 + Level 4.0 Shields


You had 4 spell levels left.
You didn't know any spells.

Dungeon Overview and Level Annotations

Branches:
Dungeon (2/15)

Altars:
Cheibriados
Nemelex Xobeh

Annotations:
D:2 Crazy Yiuf


Message History

You completely miss Crazy Yiuf.
Crazy Yiuf is moderately wounded.
You feel sick.
Crazy Yiuf laughs, "Flower!"
You block Crazy Yiuf's attack.
You slash Crazy Yiuf!
Crazy Yiuf is severely wounded.
Crazy Yiuf hits you with a quarterstaff of chaos.
Crazy Yiuf draws strength from your injuries!
You barely miss Crazy Yiuf.
Crazy Yiuf is severely wounded.
You feel sick.
Crazy Yiuf hits you with a quarterstaff of chaos.
You are electrocuted!
* * * LOW HITPOINT WARNING * * *
Your shield and scale mail prevent you from hitting Crazy Yiuf.
Crazy Yiuf is severely wounded.
Crazy Yiuf hits you but does no damage.
Crazy Yiuf hits you with a quarterstaff of chaos!
You die...

#...# #....#
..#.# #....#
.##.# #....#
###.# ##...#
# #.# ##.##
###.# ##.#
..#.# #.##
#.#.# ##.#
#.#.########
#@##
#.#........#
#g#
#.##########
... ..#
#...# .##
#)..# .#
##### .# .#
#### .##
#..#


You could see Crazy Yiuf.

Vanquished Creatures
  Natasha (D:2)
  3 adders
  3 gnolls (D:2)
  An ooze (D:1)
  A dart slug (D:2)
  A giant gecko (D:1)
  A bat (D:2)
  A giant cockroach (D:1)
  3 goblins
  3 hobgoblins
  6 jackals
  2 kobolds (D:2)
  2 quokkas (D:2)
  A giant newt (D:1)
  4 rats (D:1)
33 creatures vanquished.

Notes
Turn   | Place    | Note
--------------------------------------------------------------
     0 | D:1      | Nanban the Hill Orc Fighter began the quest for the Orb.
     0 | D:1      | Reached XP level 1. HP: 19/19 MP: 1/1
    97 | D:1      | Reached XP level 2. HP: 18/27 MP: 2/2
   413 | D:1      | Reached XP level 3. HP: 33/33 MP: 3/3
  1021 | D:2      | Found a snail-covered altar of Cheibriados.
  1021 | D:2      | Found a sparkling altar of Nemelex Xobeh.
  1047 | D:2      | Reached XP level 4. HP: 16/40 MP: 4/4
  1527 | D:2      | Noticed Natasha
  1545 | D:2      | Killed Natasha
  1545 | D:2      | Reached XP level 5. HP: 9/47 MP: 5/5
  1856 | D:2      | Noticed Crazy Yiuf
  1865 | D:2      | Slain by Crazy Yiuf

Skill      XL: |  1  2  3  4 |
---------------+-------------+-----
Fighting       | 4 |  4.7
Axes           | 3 |  3.7
Armour         | 4 |  4.1
Shields        | 4 |  4.0
Dodging        | |  0.4

Action                   |  1- 3 |  4- 6 || total
-------------------------+-------+-------++-------
Melee: War axe           |    65 |    51 ||   116
  Use: Potion            |       |     1 ||     1
  Eat: Chunk             |       |     3 ||     3
Armor: Scale mail        |    26 |    21 ||    47
Dodge: Dodged            |    22 |    15 ||    37
Block: Shield            |    21 |    20 ||    41
